 Dungeon Crawl Stone Soup version 0.30-a0-459-g9104f0fc43 (webtiles) character file.

Game seed: 15753791289358659357

203572 ryw the Brawler (level 17, 0/157 HPs)
             Began as a Troll Gladiator on Dec 16, 2022.
             Was a High Priest of Okawaru.
             Slain by a ghost moth (2 damage)
             ... on level 3 of the Spider Nest.
             The game lasted 01:20:38 (30603 turns).

ryw the Brawler (Troll Gladiator)                  Turns: 30603, Time: 01:20:38

Health: 0/157      AC:  0    Str: 24 (27) XL:     17   Next: 98%
Magic:  2/23       EV: 13    Int:  2 (4)  God:    Okawaru [*****.]
Gold:   2848       SH: 11    Dex: 12 (16) Spells: 15/18 levels left

rFire   + . .      SeeInvis .      - Unarmed
rCold   + + .      Faith    .    T - +1 kite shield
rNeg    . . .      Spirit   .    (body armour restricted)
rPois   +          Reflect  .    b - +2 hat
rElec   .          Harm     .    O - +2 cloak {rPois}
rCorr   .          Rampage  .    (gloves unavailable)
Will    +++..                    (boots unavailable)
Stlth   +.........               u - amulet "Cadwemm" {Fragile +Blink Regen+ Dex+5 Slay+5}
HPRegen 2.06/turn                X - ring of Kuerin {rPois rF+ rC++ Will+ Str-5}
MPRegen 0.18/turn                p - ring "Ehaefitext" {Will+ Slay+4}

@: about to teleport, corroded
A: large, unfitting armour, claws 3, regeneration 1, shaggy fur 1, tough skin 1,
deterioration 1, frail 1
}: 1/15 runes: barnacled
a: Renounce Religion, Evoke Blink, Heroism, Finesse, Duel


You were on level 3 of the Spider Nest.
You worshipped Okawaru.
Okawaru was extremely pleased with you.
You visited 6 branches of the dungeon, and saw 30 of its levels.
You also visited: Gauntlet.

You collected 3322 gold pieces.
You spent 474 gold pieces at shops.

Inventory:

Missiles
 d - 60 large rocks (quivered)
 F - 10 silver javelins
Armour
 b - a +2 hat (worn)
 f - a +2 robe of fire resistance
 C - a scarf of repulsion
 G - the +1 ice dragon scales of Vockykk {+Blink rF- rC++ Slay+3}
   (Okawaru gifted it to you in a Gauntlet)

   Slay:      It affects your accuracy & damage with ranged weapons and melee
   (+3).
   rF:        It makes you vulnerable to fire.
   rC:        It greatly protects you from cold.
   +Blink:    It lets you blink.
 H - a +0 tower shield
 I - the +0 robe of the Armadillo {Will+}
   (You found it on level 4 of the Shoals)

   Will:      It increases your willpower.
 O - a +2 cloak of poison resistance (worn)
 Q - the +0 robe "Aqeossad" {Str+5}
   (Okawaru gifted it to you on level 5 of the Lair of Beasts)

   Str:       It affects your strength (+5).
 S - the +1 cloak of Bitterness {Str+4 Dex+2}
   (Okawaru gifted it to you on level 2 of the Orcish Mines)

   Str:       It affects your strength (+4).
   Dex:       It affects your dexterity (+2).
 T - a +1 kite shield (worn)
 V - a +2 robe of resistance
Jewellery
 p - the ring "Ehaefitext" (right claw) {Will+ Slay+4}
   (You found it on level 10 of the Dungeon)

   [ring of slaying]

   Slay:      It affects your accuracy & damage with ranged weapons and melee
   (+4).
   Will:      It increases your willpower.
 q - the amulet "Gatil" {Reflect Harm rF++ Str-5 Dex+2 SH+5}
   (You found it in a Gauntlet)

   [amulet of reflection]

   It reflects blocked missile attacks.
   Str:       It affects your strength (-5).
   Dex:       It affects your dexterity (+2).
   rF:        It greatly protects you from fire.
   SH:        It affects your SH (+5).
   Harm:      It increases damage dealt and taken.
 r - a +4 ring of evasion
 s - a ring of wizardry
 u - the amulet "Cadwemm" (around neck) {Fragile +Blink Regen+ Dex+5 Slay+5}
   (You found it in a Gauntlet)

   [amulet of regeneration]

   Dex:       It affects your dexterity (+5).
   Slay:      It affects your accuracy & damage with ranged weapons and melee
   (+5).
   +Blink:    It lets you blink.
   Regen:     It increases your rate of health regeneration.
   Fragile:   It will be destroyed if unequipped.
 v - a ring of protection from cold
 w - a ring of resist corrosion
 A - a ring of see invisible
 N - a ring of willpower
 P - a ring of flight
 X - the ring of Kuerin (left claw) {rPois rF+ rC++ Will+ Str-5}
   (You found it on level 2 of the Shoals)

   [ring of protection from fire]

   Str:       It affects your strength (-5).
   rF:        It protects you from fire.
   rC:        It greatly protects you from cold.
   rPois:     It protects you from poison.
   Will:      It increases your willpower.
Wands
 x - a wand of roots (12)
 y - a wand of digging (10)
 D - a wand of polymorph (14)
 Y - a wand of light (3)
 Z - a wand of mindburst (7)
Scrolls
 e - 11 scrolls of teleportation
 g - 5 scrolls of fear
 l - 3 scrolls of amnesia
 m - 7 scrolls of magic mapping
 o - 3 scrolls of torment
 J - 9 scrolls of identify
 M - 3 scrolls of fog
 W - a scroll of butterflies
Potions
 a - 11 potions of flight
 c - 3 potions of berserk rage
 h - 17 potions of curing
 i - 3 potions of might
 j - 2 potions of heal wounds
 k - 3 potions of resistance
 n - 2 potions of ambrosia
 t - 5 potions of mutation
 z - 2 potions of attraction
 B - 5 potions of brilliance
 E - 10 potions of lignification
 K - 3 potions of cancellation
 L - a potion of invisibility
 R - 3 potions of haste
 U - 3 potions of magic


   Skills:
 + Level 12.6 Fighting
 - Level 8.0 Throwing
 + Level 9.7 Armour
 + Level 12.6 Dodging
 * Level 9.0 Shields
 * Level 17.3 Unarmed Combat
 - Level 1.3 Spellcasting
 - Level 1.6 Conjurations
 - Level 1.4 Air Magic
 - Level 1.5 Poison Magic
 - Level 10.0 Invocations


You had 15 spell levels left.
You knew the following spells:

 Your Spells              Type           Power      Damage    Failure   Level
a - Mephitic Cloud        Conj/Pois/Air  0%         N/A       87%         3

Your spell library contained the following spells:

 Spells                   Type           Power      Damage    Failure   Level
 Kiss of Death            Conj/Necr      0%         2d5       63%         1
 Static Discharge         Conj/Air       0%         2-2/arc   65%         2
 Poisonous Vapours        Pois/Air       0%         N/A       67%         2
 Beastly Appendage        Tmut           0%         N/A       75%         1
 Freeze                   Ice            0%         1d3       75%         1
 Cigotuvi's Dreadful Rot  Necr/Pois/Air  0%         N/A       75%         2
 Ensorcelled Hibernation  Hex/Ice        0%         N/A       86%         2
 Passwall                 Tmut/Erth      0%         N/A       86%         2
 Wereblood                Tmut           0%         N/A       86%         2
 Swiftness                Air            0%         N/A       88%         3
 Hailstorm                Conj/Ice       0%         3d3       94%         3
 Spider Form              Tmut/Pois      0%         N/A       94%         3
 Vhi's Electric Charge    Tloc/Air       0%         N/A       94%         3
 Kindle Blastsparks       Fire/Tloc/Air  0%         2d10      95%         3
 Confusing Touch          Hex            0%         N/A       98%         3
 Frozen Ramparts          Ice            0%         1d1       98%         3
 Gell's Gravitas          Tloc           0%         N/A       98%         3
 Inner Flame              Hex/Fire       0%         N/A       98%         3
 Lesser Beckoning         Tloc           0%         N/A       98%         3
 Ozocubu's Armour         Ice            0%         N/A       98%         3
 Portal Projectile        Hex/Tloc       0%         N/A       98%         3
 Teleport Other           Tloc           0%         N/A       98%         3
 Dispel Undead            Necr           0%         3d6       100%        4
 Flame Wave               Conj/Fire      0%         2d4       100%        4
 Fulminant Prism          Conj/Hex       0%         3d5       100%        4
 Iskenderun's Mystic Bla  Conj/Tloc      0%         2d3       100%        4
 Leda's Liquefaction      Hex/Erth       0%         N/A       100%        4
 Sticky Flame             Conj/Fire      0%         2d3       100%        4
 Agony                    Necr           0%         N/A       100%        5
 Alistair's Intoxication  Tmut/Pois      0%         N/A       100%        5
 Arcjolt                  Conj/Air       0%         1d10      100%        5
 Blade Hands              Tmut           0%         N/A       100%        5
 Borgnjor's Vile Clutch   Necr/Erth      0%         N/A       100%        5
 Iskenderun's Battlesphe  Conj           0%         2d6       100%        5
 Lee's Rapid Deconstruct  Erth           0%         3d4*      100%        5
 Metabolic Englaciation   Hex/Ice        0%         N/A       100%        5
 Yara's Violent Unravell  Hex/Tmut       0%         3d3       100%        5
 Eringya's Noxious Bog    Tmut/Pois      0%         N/A       100%        6
 Iron Shot                Conj/Erth      0%         9d1       100%        6
 Statue Form              Tmut/Erth      0%         N/A       100%        6
 Enfeeble                 Hex            0%         N/A       100%        7
 Maxwell's Capacitive Co  Air            0%         ∞         100%        8
 Necromutation            Tmut/Necr      0%         N/A       100%        8
 Call Canine Familiar     Summ           Unusable   N/A       N/A         3
 Tukima's Dance           Hex            Unusable   N/A       N/A         3
 Summon Forest            Summ/Tloc      Unusable   N/A       N/A         5
 Simulacrum               Ice/Necr       Unusable   N/A       N/A         6
 Spellforged Servitor     Conj/Summ      Unusable   N/A       N/A         7

Dungeon Overview and Level Annotations

Branches:
Dungeon (15/15)            Temple (1/1) D:5            Lair (5/5) D:10
 Shoals (4/4) Lair:2       Spider (3/4) Lair:3        Slime (0/5) Lair:5
    Orc (2/2) D:9             Elf (0/3) Orc:2        Vaults (0/5) D:13
 Depths (0/4) D:15        Gauntlet (visited)

Altars:
Ashenzari
Cheibriados
Dithmenos
Elyvilon
Fedhas
Gozag
Hepliaklqana
Kikubaaqudgha
Makhleb
Nemelex Xobeh
Okawaru
Qazlal
Ru
Sif Muna
Trog
Uskayaw
Vehumet
Wu Jian
Xom
Yredelemnul
Zin
The Shining One
Jiyva

Shops:
D:8 (   D:12 :   Orc:1 *   Orc:2 *[?(   Shoals:4 *


Innate Abilities, Weirdness & Mutations

You are too large for most types of armour.
You have claws for hands.
Your natural rate of healing is unusually fast.
You are covered in fur. (AC +1)
You have tough skin. (AC +1)
Your body sometimes deteriorates upon taking damage.
You are frail. (-10% HP)


Message History

You feel your power leaking away.
Deactivating autopickup; reactivate with Ctrl-A.
You mangle something!! Something hits you!! Something hits you!
Something stings you but does no damage.
You claw something! The entropy weaver hits you. x2
The entropy weaver barely misses you. The entropy weaver hits you.
Something hits you!!
Your body deteriorates!
You feel weakened. Something completely misses you. Something stings you.
As you read the scroll of teleportation, it crumbles to dust.
You feel strangely unstable. The entropy weaver barely misses you.
The entropy weaver hits you!
* * * LOW HITPOINT WARNING * * *
The entropy weaver hits you.
* * * LOW HITPOINT WARNING * * *
The entropy weaver misses you.
You feel you are being watched by something.
You feel your power leaking away. Something hits you.
* * * LOW HITPOINT WARNING * * *
Something hits you.
* * * LOW HITPOINT WARNING * * *
Something stings you!
* * * LOW HITPOINT WARNING * * *
You feel clumsy.
You feel much better.
The entropy weaver casts a spell at you.
The entropic weave corrodes you!
You feel you are being watched by something.
You feel your power leaking away. Something hits you.
You feel clumsy. Something hits you. Something stings you!!
* * * LOW HITPOINT WARNING * * *
Something hits you!
* * * LOW HITPOINT WARNING * * *
Something hits you!
* * * LOW HITPOINT WARNING * * *
Something stings you.
You die...

..#..##... ......^ . ..####
# ......##.. . ....
##.#......... .....
#..#..... .~~ ..#..#
#..#... ..~s
..##############.#.# .~~w{
.####..^.#..^##..B.##..~~~#
.##............{##...w...~B
..#.....##....#B@###^..^..~
.##############..## .##....
...#..##..#..##...# .# ...
......##......#...# .. #
..###.#..#.##.#...# ## #..
..#####..######..##### ..#
...#..#..#######..##[####
#.#
........^....##..##...#.#
#.#
..#^.........##...#....^#
#.#


You could see an entropy weaver.

Vanquished Creatures
  Rupert (Lair:3)
  Mlioglotl (Spider:1)
  Polyphemus (Shoals:4)
  Kirke (Shoals:3)
  Roxanne (Shoals:4)
  4 emperor scorpions
  3 ghost moths
  Louise (Shoals:4)
  A broodmother (Spider:2)
  A minotaur (Gauntlet)
  4 merfolk javelineers
  The ghost of Ivofaura the Spry, a journeyman FeSu of Gozag (Shoals:2)
  Josephine (Orc:2)
  4 merfolk impalers
  4 entropy weavers
  2 vault guards (D:13)
  Harold (Lair:2)
  2 merfolk avatars (Shoals:4)
  2 jorogumos
  6 hydras
  Erica (D:8)
  5 boulder beetles
  7 catoblepae
  5 alligator snapping turtles
  5 centaur warriors
  5 two-headed ogres
  3 satyrs
  3 radroaches
  7 merfolk aquamancers
  9 death yaks
  5 orc high priests
  2 tengu warriors
  Sonja (Orc:1)
  A fire crab (shapeshifter) (D:14)
  A sun moth (Spider:1)
  4 pharaoh ants
  A skeletal warrior (D:12)
  11 sea snakes
  8 orb spiders
  2 steelbarb worms
  4 deep elf pyromancers
  9 harpies
  6 orc knights
  A lindwurm (Lair:3)
  7 orc sorcerers
  5 wizards
  A shining eye (Gauntlet)
  2 necromancers
  11 wolf spiders
  11 cyclopes
  7 fauns
  10 ugly things
  A moth of wrath (Spider:3)
  18 manticores
  Maurice (D:9)
  2 black mambas (Lair:2)
  3 water nymphs
  15 elephants
  5 merfolk sirens
  A gargoyle (D:12)
  21 cane toads
  A centaur skeleton (D:15)
  4 torpor snails
  6 demonic crawlers
  3 unseen horrors (D:12)
  2 minotaur zombies (Gauntlet)
  2 kobold demonologists (D:13)
  A rime drake (Lair:4)
  13 komodo dragons
  A freezing wraith (D:14)
  An unseen horror (shapeshifter) (Gauntlet)
  2 efreet
  A yaktaur (shapeshifter) (D:14)
  A tengu conjurer (D:15)
  12 trolls
  28 merfolk
  3 polar bears
  A wolf spider simulacrum (D:12)
  4 wind drakes
  20 tarantellas
  6 hornets
  A hornet (shapeshifter) (D:13)
  Prince Ribbit (D:8)
  12 slime creatures
  10 snapping turtles
  5 blink frogs
  9 dream sheep
  15 jumping spiders
  20 culicivoras
  2 large abominations (D:13)
  8 water elementals
  10 wraiths
  40 yaks
  3 vampires
  2 shadows
  Eustachio (D:6)
  4 wyverns
  27 humans
  9 basilisks
  A golden eye (Gauntlet)
  17 vampire mosquitoes
  A steam dragon (Lair:1)
  38 redbacks
  3 wargs
  20 water moccasins
  An acid dragon (D:12)
  A hell hound (D:14)
  A floating eye (Gauntlet)
  3 ice beasts
  3 black bears (Lair:3)
  29 orc warriors
  A sky beast (D:7)
  3 ogres (Orc:1)
  35 wolves
  2 centaurs
  2 phantoms
  3 kobold brigands
  13 bullfrogs
  Blork the orc (D:4)
  5 scorpions
  A wight (D:9)
  A killer bee (D:9)
  4 howler monkeys
  2 electric eels
  A hound (D:5)
  2 jellies (D:4)
  16 orc priests
  2 iguanas (D:5)
  26 orc wizards
  4 hell rats (Lair:2)
  A boggart skeleton (D:15)
  3 gnolls
  5 adders
  A shadow imp (D:6)
  4 ufetubi
  5 dart slugs
  73 orcs
  4 endoplasms
  3 giant cockroaches
  4 goblins
  5 hobgoblins
  4 jackals (D:3)
  4 quokkas
  6 ball pythons
  6 bats
  4 frilled lizards
  24 kobolds
  4 rats
962 creatures vanquished.

Vanquished Creatures (others)
  2 centaur simulacra (D:15)
  2 orcs
  A hobgoblin (D:3)
  34 fungi
  163 plants
202 creatures vanquished.

Grand Total: 1164 creatures vanquished

Notes
Turn   | Place    | Note
-------+----------+-------------------------------------------
     0 | D:1      | ryw the Troll Gladiator began the quest for the Orb.
     0 | D:1      | Reached XP level 1. HP: 19/19 MP: 0/0
   119 | D:1      | Found a faded altar of an unknown god.
   338 | D:1      | Reached XP level 2. HP: 28/28 MP: 1/1
   918 | D:2      | Reached XP level 3. HP: 28/35 MP: 2/2
  1252 | D:2      | You fall into a shaft and drop 1 floor!
  1342 | D:3      | Found a broken altar of Ashenzari.
  1528 | D:3      | Reached XP level 4. HP: 33/42 MP: 3/3
  1779 | D:2      | Identified the +9 dagger of Defence by Offence {spect,
                  | *Rage Will- Int+7}
  2307 | D:3      | Reached XP level 5. HP: 50/50 MP: 4/4
  2604 | D:3      | Learned a level 3 spell: Mephitic Cloud
  2616 | D:3      | Found a radiant altar of Vehumet.
  3186 | D:4      | Noticed Blork the orc
  3192 | D:4      | Killed Blork the orc
  3193 | D:4      | Reached XP level 6. HP: 47/59 MP: 5/5
  3266 | D:4      | Found a glowing golden altar of the Shining One.
  3539 | D:4      | Found an ancient bone altar of Kikubaaqudgha.
  3569 | D:4      | Reached skill level 1 in Conjurations
  3569 | D:4      | Reached skill level 1 in Poison Magic
  3579 | D:4      | Found a shadowy altar of Dithmenos.
  3697 | D:5      | Entered Level 5 of the Dungeon
  3754 | D:5      | Reached skill level 1 in Air Magic
  3806 | D:5      | Found a staircase to the Ecumenical Temple.
  3969 | D:5      | Reached XP level 7. HP: 67/67 MP: 7/7
  4005 | Temple   | Entered the Ecumenical Temple
  4246 | D:5      | Found an iron altar of Okawaru.
  4270 | D:5      | Became a worshipper of Warmaster Okawaru
  4351 | D:5      | Reached skill level 1 in Spellcasting
  5019 | D:6      | Reached skill level 4 in Unarmed Combat
  5043 | D:6      | Found an ornate altar of the Wu Jian Council.
  5101 | D:6      | Noticed Eustachio
  5110 | D:6      | Killed Eustachio
  5111 | D:6      | Reached XP level 8. HP: 78/78 MP: 8/8
  5137 | D:6      | Reached * piety under Okawaru
  5265 | D:6      | Noticed a two-headed ogre
  5272 | D:6      | Killed a two-headed ogre
  5273 | D:6      | Reached skill level 5 in Throwing
  5273 | D:6      | Reached skill level 5 in Dodging
  5273 | D:6      | Reached skill level 5 in Unarmed Combat
  5713 | D:7      | Reached XP level 9. HP: 85/85 MP: 9/9
  5919 | D:7      | Reached ** piety under Okawaru
  5920 | D:7      | Reached skill level 5 in Fighting
  5920 | D:7      | Reached skill level 6 in Unarmed Combat
  6004 | D:7      | Found a basalt altar of Yredelemnul.
  6316 | D:8      | Found Fioth's Antique Weapon Emporium.
  6356 | D:8      | Noticed Erica
  6376 | D:8      | Killed Erica
  6377 | D:8      | Reached skill level 1 in Invocations
  6686 | D:8      | Noticed Prince Ribbit
  6694 | D:8      | Killed Prince Ribbit
  6695 | D:8      | Reached skill level 7 in Unarmed Combat
  6732 | D:8      | Found a hazy altar of Hepliaklqana.
  7086 | D:8      | Found a sparkling altar of Nemelex Xobeh.
  7684 | D:9      | Found a staircase to the Orcish Mines.
  7709 | D:9      | Reached *** piety under Okawaru
  7727 | D:9      | Reached XP level 10. HP: 61/98 MP: 10/10
  7847 | D:9      | Found a large runed translucent door.
  7847 | D:9      | Found a large runed translucent door.
  7899 | D:9      | Received a gift from Okawaru
  8016 | D:9      | Reached skill level 8 in Unarmed Combat
  8192 | D:9      | Noticed Maurice
  8203 | D:9      | Killed Maurice
  8203 | D:9      | Reached **** piety under Okawaru
  8403 | D:9      | Noticed a two-headed ogre
  8410 | D:9      | Killed a two-headed ogre
  8415 | D:9      | Received a gift from Okawaru
  8520 | D:9      | Found a burning altar of Makhleb.
  8533 | D:9      | Found a snail-covered altar of Cheibriados.
  8859 | D:10     | Entered Level 10 of the Dungeon
  8915 | D:10     | Reached skill level 9 in Unarmed Combat
  8989 | D:10     | Noticed a two-headed ogre
  8992 | D:10     | Noticed a two-headed ogre
  9000 | D:10     | Killed a two-headed ogre
  9000 | D:10     | Reached ***** piety under Okawaru
  9004 | D:10     | Received a gift from Okawaru
  9004 | D:10     | Noticed a two-headed ogre
  9005 | D:10     | Reached XP level 11. HP: 42/107 MP: 12/12
  9009 | D:10     | Killed a two-headed ogre
  9029 | D:10     | Killed a two-headed ogre
  9320 | D:10     | Found a staircase to the Lair.
  9361 | D:10     | Identified the ring "Ehaefitext" {Will+ Slay+4}
  9715 | Lair:1   | Entered Level 1 of the Lair of Beasts
  9789 | Lair:1   | Found the +3 pair of seven-league boots {Rampage+∞}
  9801 | Lair:1   | Reached skill level 10 in Unarmed Combat
 10597 | Lair:1   | Received a gift from Okawaru
 10708 | Lair:1   | Reached skill level 11 in Unarmed Combat
 10811 | Lair:2   | Noticed a six-headed hydra
 10822 | Lair:2   | Killed a seven-headed hydra
 10823 | Lair:2   | Reached XP level 12. HP: 80/119 MP: 14/14
 10945 | Lair:2   | Found a gate leading to a gauntlet.
 10959 | Lair:2   | Noticed a five-headed hydra
 10960 | Gauntlet | Entered a Gauntlet
 10960 | Gauntlet | Found a transporter.
 10973 | Gauntlet | Found a transporter.
 10986 | Gauntlet | Found a transporter.
 10991 | Gauntlet | Found a transporter.
 11004 | Gauntlet | Noticed an entropy weaver
 11010 | Gauntlet | Found a transporter.
 11025 | Gauntlet | Found a transporter.
 11026 | Gauntlet | Found the +8 longbow "Zephyr" {speed, Dex+3 SInv}
 11034 | Gauntlet | Found a transporter.
 11049 | Gauntlet | Found a transporter.
 11050 | Gauntlet | Noticed a catoblepas
 11055 | Gauntlet | Found a transporter.
 11070 | Gauntlet | Found a transporter.
 11081 | Gauntlet | Noticed a hell hog
 11082 | Gauntlet | Found a transporter.
 11101 | Gauntlet | Found a transporter.
 11116 | Gauntlet | Found a transporter.
 11118 | Gauntlet | Found a transporter.
 11143 | Gauntlet | Found a transporter.
 11145 | Gauntlet | Found a transporter.
 11165 | Gauntlet | Found a transporter.
 11211 | Gauntlet | Found a transporter.
 11218 | Gauntlet | Identified the amulet "Gatil" {Reflect Harm rF++ Str-5
                  | Dex+2 SH+5}
 11238 | Gauntlet | Gained mutation: Your body sometimes deteriorates upon
                  | taking damage. [a shining eye]
 11249 | Gauntlet | Gained mutation: You are frail. (-10% HP) [a shining eye]
 11269 | Gauntlet | Got the Precepts of Grisly Orientation
 11325 | Gauntlet | Killed an entropy weaver
 11331 | Gauntlet | Identified the amulet "Cadwemm" {Fragile +Blink Regen+
                  | Dex+5 Slay+5}
 11621 | Gauntlet | Noticed a minotaur
 11630 | Gauntlet | Killed a minotaur
 11630 | Gauntlet | Identified the +1 ice dragon scales of Vockykk {+Blink rF-
                  | rC++ Slay+3} (Okawaru gifted it to you in a Gauntlet)
 11630 | Gauntlet | Received a gift from Okawaru
 11654 | Gauntlet | Identified the +3 spear of Due Proportion {drain, Dex+3}
 11705 | Lair:2   | Killed a five-headed hydra
 11718 | Lair:2   | Noticed Harold
 11721 | Lair:2   | Reached skill level 12 in Unarmed Combat
 11727 | Lair:2   | Killed Harold
 11728 | Lair:2   | Reached skill level 1 in Armour
 11728 | Lair:2   | Reached skill level 5 in Invocations
 11762 | Lair:2   | Found a staircase to the Shoals.
 11934 | Lair:2   | Noticed a catoblepas
 12082 | Lair:2   | Killed a catoblepas
 12642 | Lair:3   | Received a gift from Okawaru
 12646 | Lair:3   | Reached XP level 13. HP: 58/115 MP: 9/16
 12774 | Lair:3   | Identified the +4 scale mail "Zaleadad" {Will+ rCorr Str-5}
 12820 | Lair:3   | Noticed Rupert
 12821 | Lair:3   | Paralysed by Rupert for 2 turns
 12833 | Lair:3   | Killed Rupert
 12834 | Lair:3   | Reached skill level 13 in Unarmed Combat
 12935 | Lair:3   | Received a gift from Okawaru
 13162 | Lair:3   | Found a hole to the Spider Nest.
 13946 | Lair:4   | Received a gift from Okawaru
 13985 | Lair:4   | Received a gift from Okawaru
 14575 | Lair:5   | Entered Level 5 of the Lair of Beasts
 14759 | Lair:5   | Received a gift from Okawaru
 14781 | Lair:5   | Identified the +0 robe "Aqeossad" {Str+5} (Okawaru gifted
                  | it to you on level 5 of the Lair of Beasts)
 14781 | Lair:5   | Received a gift from Okawaru
 15083 | Lair:5   | Reached XP level 14. HP: 126/126 MP: 18/18
 15129 | Lair:5   | Reached skill level 5 in Armour
 15234 | Lair:5   | Reached skill level 14 in Unarmed Combat
 15491 | Lair:5   | Reached skill level 10 in Dodging
 15704 | Lair:5   | Received a gift from Okawaru
 15860 | Lair:5   | Identified the +9 trident "Femolai" {freeze, rN+ Int+3}
 15918 | Lair:5   | Received a gift from Okawaru
 16007 | Lair:5   | Found a viscous altar of Jiyva.
 16007 | Lair:5   | Found a staircase to the Slime Pits.
 16165 | Orc:1    | Entered Level 1 of the Orcish Mines
 16276 | Orc:1    | Reached skill level 10 in Fighting
 16486 | Orc:2    | Entered Level 2 of the Orcish Mines
 16636 | Orc:2    | Found a staircase to the Elven Halls.
 16680 | Orc:2    | Identified the +1 cloak of Bitterness {Str+4 Dex+2}
                  | (Okawaru gifted it to you on level 2 of the Orcish Mines)
 16680 | Orc:2    | Received a gift from Okawaru
 16718 | Orc:2    | Noticed Josephine
 16726 | Orc:2    | Killed Josephine
 17068 | Orc:2    | Found Xevuseb's Weapon Shoppe.
 17068 | Orc:2    | Found Noarr's Assorted Antiques.
 17070 | Orc:2    | Found Ruyris's Magic Scroll Shoppe.
 17070 | Orc:2    | Found Zet Isar's Armour Shop.
 17079 | Orc:2    | Bought a +0 kite shield for 72 gold pieces
 17081 | Orc:2    | Bought a potion of curing for 87 gold pieces
 17081 | Orc:2    | Bought a coppery potion for 26 gold pieces
 17081 | Orc:2    | Bought a scroll labelled VOOGUOBACU for 29 gold pieces
 17081 | Orc:2    | Bought a viscous brown potion for 26 gold pieces
 17402 | Orc:1    | Noticed Sonja
 17403 | Orc:1    | Killed Sonja
 17491 | Orc:1    | Found Vuudiban's Gadget Gallery.
 18289 | D:11     | Reached skill level 1 in Shields
 18570 | D:11     | Reached XP level 15. HP: 136/136 MP: 20/20
 18924 | D:12     | Found Irytteum's Book Shop.
 19039 | D:12     | Received a gift from Okawaru
 19222 | D:12     | Got Wypenido's Opusculum on the Sky
 19461 | D:12     | Found the +18 Lear's hauberk
 19647 | D:13     | Reached skill level 15 in Unarmed Combat
 19724 | D:13     | Found a gate to the Vaults.
 19747 | D:13     | Received a gift from Okawaru
 20767 | D:14     | Found a snail-covered altar of Cheibriados.
 20843 | D:14     | Received a gift from Okawaru
 21391 | D:15     | Entered Level 15 of the Dungeon
 22443 | D:15     | Identified the +6 chain mail "Ydwal" {Will+ Stlth+}
 22711 | D:15     | Reached XP level 16. HP: 144/145 MP: 22/22
 22737 | D:15     | Found a staircase to the Depths.
 23072 | Shoals:1 | Entered Level 1 of the Shoals
 23365 | Shoals:1 | Reached skill level 10 in Invocations
 23537 | Shoals:1 | Received a gift from Okawaru
 23722 | Shoals:1 | Reached skill level 5 in Shields
 24324 | Shoals:2 | Identified the ring of Kuerin {rPois rF+ rC++ Will+ Str-5}
 24501 | Shoals:2 | Found a runed translucent gate.
 24501 | Shoals:2 | Found a runed translucent gate.
 24503 | Shoals:2 | Found a runed translucent gate.
 24506 | Shoals:2 | Noticed Ivofaura's ghost (journeyman FeSu)
 25062 | Shoals:2 | Killed Ivofaura's ghost
 25402 | Shoals:3 | Received a gift from Okawaru
 25586 | Shoals:3 | Noticed Kirke
 25594 | Shoals:3 | Killed Kirke
 25595 | Shoals:3 | Reached skill level 16 in Unarmed Combat
 25717 | Shoals:4 | Entered Level 4 of the Shoals
 25763 | Shoals:4 | Noticed Louise
 25772 | Shoals:4 | Killed Louise
 26138 | Shoals:4 | Noticed Polyphemus
 26287 | Shoals:4 | Received a gift from Okawaru
 26394 | Shoals:4 | Reached XP level 17. HP: 139/154 MP: 21/23
 26860 | Shoals:4 | Received a gift from Okawaru
 27023 | Shoals:4 | Found Nodo's General Store.
 27031 | Shoals:4 | Bought a potion of heal wounds for 65 gold pieces
 27031 | Shoals:4 | Bought a potion of haste for 130 gold pieces
 27031 | Shoals:4 | Bought a scroll of teleportation for 39 gold pieces
 27144 | Shoals:4 | Identified Roxanne's Folio of Transmutation
 27144 | Shoals:4 | Noticed Roxanne
 27281 | Shoals:4 | Killed Polyphemus
 27348 | Shoals:4 | Identified the +0 robe of the Armadillo {Will+}
 27382 | Shoals:4 | Killed Roxanne
 27426 | Shoals:4 | Got a barnacled rune of Zot
 27612 | Spider:1 | Entered Level 1 of the Spider Nest
 28057 | Spider:1 | Received a gift from Okawaru
 28379 | Spider:1 | Noticed Mlioglotl
 28384 | Spider:1 | Killed Mlioglotl
 28507 | Spider:1 | Identified the +3 scale mail "Minouja" {rPois rF+ rC-
                  | Str+4}
 28726 | Spider:2 | Received a gift from Okawaru
 28946 | Spider:2 | Reached skill level 17 in Unarmed Combat
 29874 | Spider:3 | Received a gift from Okawaru
 30603 | Spider:3 | HP: 2/157 [something (17)]
 30603 | Spider:3 | Slain by a ghost moth

Illustrated notes

Levels and vault maps discovered:
D:1:      minmay_arrival_nine_rooms, layout_basic,
          hellmonk_ecumenical_altar_zigzags, minmay_octomino_c4
D:2:      minmay_kobold_bridge, layout_basic
D:3:      layout_loops_cross, old_standard_altar, mainiacjoe_overflow_alcove_4,
          grunt_ministairs_14
D:4:      layout_cave_pools, lemuel_zombie_altar_kikubaaqudgha,
          mainiacjoe_overflow_chevrons, nicolae_overflow_crystal_walls,
          serial_column_ruins, column_ruins_hut, column_ruins_hut_pillars,
          column_ruins_grid_1, column_ruins_open_medium, column_ruins_grid_1,
          column_ruins_columns_water, hangedman_decor_lopped, uniq_blork_the_orc
D:5:      layout_layer_cave, mainiacjoe_overflow_concentric_impassable,
          minmay_temple_entry_sparse_star
D:6:      layout_cave_pools, amcnicky_altar_gilded, minmay_microvault,
          uniq_eustachio
D:7:      layout_rooms, mainiacjoe_overflow_tiny_flanked
D:8:      layout_basic, mainiacjoe_overflow_alcove_2,
          nicolae_hepliaklqana_hazy_memory, serial_shops, nicolae_shop_trees,
          uniq_erica, uniq_prince_ribbit1
D:9:      layout_roguey, jmf_multi_god_temple2, orc_0_dummy,
          minmay_increasing_density, uniq_maurice
D:10:     layout_loops_cross, lair_entry_dummy
D:11:     layout_basic, chequers_serial_rivers_micro_b, minivault_25
D:12:     minmay_box_of_statues, layout_basic, serial_shops, shop,
          hellmonk_guarded_unrand_lears
D:13:     dreamdust_experimentation, layout_loops_cross,
          grunt_vaults_entry_tiered
D:14:     layout_gridville, lemuel_round_altar, minmay_rotating_lava
D:15:     grunt_enter_depths_magical_seal, layout_loops_cross
Temple:   nicolae_temple_bog_church
Lair:1:   layout_cave_shapes, st_stairs_7
Lair:2:   layout_loops_ring, minmay_shoals_entry_beasts, gauntlet_entry_generic,
          grunt_forest_large_clearings, infiniplex_staircase_pool, uniq_harold
Lair:3:   cheibrodos_lair_overgrown_chateau, layout_small_grid,
          nicolae_spider_entry_tight_spaces, beast_lair_carwin_9,
          serial_bayou_shore_a, serial_bayou_shore_b, uniq_rupert
Lair:4:   layout_cave_pods, kennysheep_basilisk_garden
Lair:5:   evilmike_catoblepas_cave, layout_cave_shapes,
          dpeg_slime_entry_enclosed, dreamdust_wasp_nest, grunt_megastairs_2,
          infiniplex_staircase_pool_2
Shoals:1: layout_shoals
Shoals:2: layout_shoals, ebering_ghost_rock_garden
Shoals:3: layout_shoals, uniq_kirke
Shoals:4: shoals_end_grunt_ice, layout_shoals, serial_shops, shop,
          nicolae_shoals_square_sea_wall, nicolae_shoals_cliffside_cave,
          uniq_polyphemus, uniq_louise, uniq_roxanne
Spider:1: layout_spider_delve, uniq_mlioglotl
Spider:2: layout_spider_delve
Spider:3: nicolae_spider_hilbert_zone_3 [nicolae_spider_hilbert_4_sides_2_open,
          nicolae_spider_hilbert_3_sides_1_open,
          nicolae_spider_hilbert_3_sides_1_open,
          nicolae_spider_hilbert_3_sides_1_open,
          nicolae_spider_hilbert_3_sides_1_open,
          nicolae_spider_hilbert_4_sides_1_open,
          nicolae_spider_hilbert_4_sides_1_open,
          nicolae_spider_hilbert_4_sides_1_open,
          nicolae_spider_hilbert_4_sides_1_open,
          nicolae_spider_hilbert_4_sides_1_open,
          nicolae_spider_hilbert_4_sides_1_open,
          nicolae_spider_hilbert_4_sides_1_open,
          nicolae_spider_hilbert_4_sides_1_open,
          nicolae_spider_hilbert_3_sides_1_open,
          nicolae_spider_hilbert_3_sides_1_open,
          nicolae_spider_hilbert_3_sides_1_open,
          nicolae_spider_hilbert_3_sides_1_open], nicolae_spider_circle_web,
          nicolae_spider_not_touching_you
Orc:1:    layout_caves, basic_altar, nicolae_shop_gadgets, uniq_sonja
Orc:2:    grunt_orc_tribal_feast, layout_diamond_mine, nicolae_orc_pool_cavern,
          uniq_josephine

Skill      XL: |  1  2  3  4  5  6  7  8  9 10 11 12 13 14 15 16 17 |
---------------+----------------------------------------------------+-----
Throwing       | 2 3 4 5 6 7 8 |  8.0
Fighting       | 2 3 4 5 6 7 8 9 10 11 12 | 12.6
Dodging        | 3 4 5 6 7 8 9 10 11 12 | 12.6
Conjurations   | 1 |  1.6
Poison Magic   | 1 |  1.5
Air Magic      | 1 |  1.4
Spellcasting   | 1 |  1.3
Unarmed Combat | 4 5 7 9 11 12 13 14 15 16 17 | 17.3
Invocations    | 2 3 4 5 7 8 9 10 | 10.0
Armour         | 2 4 6 7 8 9 |  9.7
Shields        | 1 4 6 9 |  9.0

Action                   |  1- 3 |  4- 6 |  7- 9 | 10-12 | 13-15 | 16-18 || total
-------------------------+-------+-------+-------+-------+-------+-------++-------
Melee: Unarmed           |   104 |    38 |   149 |   405 |   876 |   840 ||  2412
       Punch             |       |     2 |     8 |    35 |    55 |       ||   100
       Dagger            |       |    43 |    63 |       |       |       ||   106
Throw: Javelin           |       |       |       |    11 |    20 |       ||    31
       Large rock        |       |       |       |     5 |    62 |    87 ||   154
Invok: Heroism           |       |       |       |    18 |    39 |    50 ||   107
       Finesse           |       |       |       |     6 |    14 |    10 ||    30
Evoke: Wand              |       |       |     3 |     6 |       |       ||     9
  Use: Scroll            |     6 |       |     4 |    11 |    11 |     4 ||    36
       Potion            |       |       |     1 |     6 |       |     4 ||    11
 Stab: Sleeping          |     3 |       |       |     1 |       |     2 ||     6
       Distracted        |       |       |       |       |       |     1 ||     1
Armor: Robe              |    41 |    17 |    51 |    72 |    15 |    39 ||   235
       Ice dragon scales |       |       |       |    34 |   213 |   158 ||   405
       Skin              |       |       |       |       |       |    33 ||    33
Dodge: Dodged            |    56 |    32 |   120 |   394 |   492 |   512 ||  1606
       Repelled          |       |       |     1 |     1 |       |       ||     2
Block: Kite shield       |       |       |       |       |   160 |   487 ||   647

Table legend: (Time is in decaauts)
 A = Elapsed time spent in this place.
 B = Non-inter-level travel time spent in this place.
 C = Inter-level travel time spent in this place.
 D = Time resting spent in this place.
 E = Time spent auto-exploring this place.
 F = Levels seen in this place.
 G = Mean time per level.
                   A        B        C        D        E       F      G
               +--------+--------+--------+--------+--------+-----+--------+
         Total |  30150 |  27964 |   2186 |   4457 |  16264 |  31 |  972.6 |
       Dungeon |  14837 |  13489 |   1348 |   2217 |   9139 |  15 |  989.1 |
        Temple |    184 |    165 |     19 |      0 |    155 |   1 |  184.0 |
          Lair |   5672 |   5421 |    251 |    815 |   3425 |   5 | 1134.4 |
        Shoals |   4380 |   4093 |    287 |    552 |   1350 |   4 | 1095.0 |
   Spider Nest |   2862 |   2772 |     90 |    567 |   1160 |   3 |  954.0 |
  Orcish Mines |   1494 |   1304 |    190 |     74 |    851 |   2 |  747.0 |
      Gauntlet |    718 |    718 |      0 |    232 |    184 |   1 |  718.0 |
               +--------+--------+--------+--------+--------+-----+--------+

Top non-repeatable levels by time:
     D:9: 1377 daAuts
     D:8: 1320 daAuts
  Lair:5: 1304 daAuts
Shoals:3: 1225 daAuts
  Lair:3: 1187 daAuts
     D:3: 1152 daAuts
     D:2: 1116 daAuts
    D:10: 1116 daAuts
    D:11: 1109 daAuts
  Lair:1: 1104 daAuts
  Lair:4: 1102 daAuts
Shoals:4: 1094 daAuts
     D:5: 1092 daAuts
Shoals:1: 1088 daAuts
Spider:2: 1008 daAuts
